 Dungeon Crawl Stone Soup version 0.32-a0-35-gd9ff480968 (webtiles) character file.

Game seed: 948199303166740003

23209 pokeman the Eclecticist (level 12, -7/70 HPs)
             Began as a Deep Elf Hedge Wizard on Jan 22, 2024.
             Was an Elder of Vehumet.
             Shot with an arrow by a centaur warrior (14 damage)
             ... on level 14 of the Dungeon.
             The game lasted 00:39:36 (15132 turns).

pokeman the Eclecticist (Deep Elf Hedge Wizard)    Turns: 15132, Time: 00:39:38

Health: -7/70      AC:  9    Str:  8    XL:     12   Next: 69%
Magic:  32/45      EV: 13    Int: 20    God:    Vehumet [****..]
Gold:   792        SH:  0    Dex: 27    Spells: 27/48 levels left

rFire   + . .        D - +11 dagger of Accidental Termination {spect, rElec Str+4 Int-5 Stlth+}
rCold   + . .        (no shield)
rNeg    . . .        F - +2 leather armour {rF+}
rPois   +            c - +0 hat
rElec   +            (no cloak)
rCorr   .            s - +1 pair of gloves of the Armoured One {rC+ Dex+4}
SInv    +            U - +0 pair of boots "Witorez" {*Corrode rElec MP+9 Str-3 Dex+9}
Will    +....        (no amulet)
Stlth   ++++         t - ring of poison resistance
HPRegen 0.31/turn    G - ring of see invisible
MPRegen 0.29/turn

%: corrode self (3%)
@: no status effects
A: no striking features
a: Renounce Religion


You were on level 14 of the Dungeon.
You worshipped Vehumet.
Vehumet was greatly pleased with you.
You visited 2 branches of the dungeon, and saw 15 of its levels.

You collected 992 gold pieces.
You spent 200 gold pieces at shops.

Inventory:

Hand Weapons
 D - the +11 dagger of Accidental Termination (weapon) {spect, rElec Str+4 Int-5 Stlth+}
   (You found it on level 6 of the Dungeon)

   Str+4:     It affects your strength (+4).
   Int-5:     It affects your intelligence (-5).
   rElec:     It insulates you from electricity.
   Stlth+:    It makes you more stealthy.
Armour
 c - a +0 hat (worn)
 s - the +1 pair of gloves of the Armoured One (worn) {rC+ Dex+4}
   (You found it on level 3 of the Dungeon)

   Dex+4:     It affects your dexterity (+4).
   rC+:       It protects you from cold.
 F - a +2 leather armour of fire resistance (worn)
 U - the +0 pair of boots "Witorez" (worn) {*Corrode rElec MP+9 Str-3 Dex+9}
   (You found it on level 11 of the Dungeon)

   Str-3:     It affects your strength (-3).
   Dex+9:     It affects your dexterity (+9).
   rElec:     It insulates you from electricity.
   MP+9:      It affects your magic capacity (+9).
   *Corrode:  It may corrode you when you take damage.
 W - a +0 buckler
 Y - a +1 ring mail of cold resistance
Jewellery
 t - a ring of poison resistance (left hand)
 G - a ring of see invisible (right hand)
Wands
 o - a wand of paralysis (43)
 S - a wand of acid (7)
Scrolls
 e - 5 scrolls of teleportation
 m - 4 scrolls of revelation
 w - a scroll of summoning {unknown}
 C - a scroll of blinking {unknown}
 H - 3 scrolls of immolation {unknown}
 J - a scroll of brand weapon {unknown}
 L - a scroll of acquirement {unknown}
 O - 3 scrolls of fog {unknown}
Potions
 d - 3 potions of magic
 k - 7 potions of curing
 z - 3 potions of heal wounds
 A - a potion of brilliance {unknown}
 B - 4 potions of attraction {unknown}
 E - a potion of berserk rage {unknown}
 I - a potion of haste {unknown}
 K - a potion of experience {unknown}
 N - a potion of resistance {unknown}
 Q - a potion of ambrosia {unknown}


   Skills:
 - Level 6.0 Fighting
 + Level 5.7 Armour
 - Level 3.0 Dodging
 - Level 3.1 Stealth
 * Level 18.5 Spellcasting
 + Level 11.2 Conjurations
 - Level 1.1 Summonings
 - Level 1.0 Necromancy
 - Level 1.1 Translocations
 + Level 7.0 Fire Magic
 - Level 1.0 Ice Magic
 - Level 1.0 Air Magic
 - Level 2.0 Earth Magic
 - Level 1.0 Alchemy
 - Level 1.0 Evocations


You had 27 spell levels left.
You knew the following spells:

 Your Spells              Type           Power      Damage    Failure   Level
a - Magic Dart            Conj           100%       1d8       1%          1
b - Mephitic Cloud        Conj/Alch/Air  36%        N/A       1%          3
c - Call Imp              Summ           46%        N/A       3%          2
d - Blink                 Tloc           46%        N/A       3%          2
e - Ignite Poison         Fire/Alch      34%        N/A       2%          4
f - Freezing Cloud        Conj/Ice/Air   18%        6-21      4%          5
g - Iskenderun's Mystic   Conj/Tloc      43%        2d10      1%          4

Your spell library contained the following spells:

 Spells                   Type           Power      Damage    Failure   Level
 Flame Wave               Conj/Fire      53%        2d13      1%          4
 Freeze                   Ice            88%        1d9       1%          1
 Sting                    Conj/Alch      100%       1d9       1%          1
 Hailstorm                Conj/Ice       43%        3d9       1%          3
 Apportation              Tloc           46%        N/A       2%          1
 Necrotise                Necr           88%        1d8       2%          1
 Summon Small Mammal      Summ           92%        N/A       2%          1
 Frozen Ramparts          Ice            44%        1d7       2%          3
 Cigotuvi's Dreadful Rot  Necr/Alch/Air  44%        N/A       3%          2
 Lesser Beckoning         Tloc           46%        N/A       3%          2
 Slow                     Hex            72%        N/A       4%          1
 Ensorcelled Hibernation  Hex/Ice        40%        N/A       4%          2
 Passwall                 Erth           26%        N/A       4%          3
 Fugue of the Fallen      Necr           22%        N/A       8%          3
 Gell's Gravitas          Tloc           23%        N/A       8%          3
 Summon Ice Beast         Ice/Summ       22%        N/A       8%          3
 Swiftness                Air            22%        N/A       8%          3
 Teleport Other           Tloc           23%        N/A       8%          3
 Tukima's Dance           Hex            18%        N/A       12%         3
 Yara's Violent Unravell  Hex/Alch       10%        3d6       22%         5
 Manifold Assault         Tloc           23%        N/A       24%         4
 Passage of Golubria      Tloc           23%        N/A       24%         4
 Dispel Undead            Necr           22%        3d12      26%         4
 Martyr's Knell           Necr/Summ      22%        N/A       26%         4
 Dimensional Bullseye     Hex/Tloc       10%        N/A       30%         4
 Anguish                  Hex/Necr       10%        N/A       32%         4
 Summon Mana Viper        Hex/Summ       20%        N/A       65%         5
 Dispersal                Tloc           11%        N/A       98%         6
 Death Channel            Necr           11%        N/A       99%         6
 Monstrous Menagerie      Summ           11%        N/A       100%        7
 Disjunction              Tloc           11%        N/A       100%        8


Dungeon Overview and Level Annotations

Branches:
Dungeon (14/15)            Temple (1/1) D:5            Lair (0/5) D:11
    Orc (0/2) D:11         Vaults (0/5) D:14

Altars:
Ashenzari
Cheibriados
Dithmenos
Elyvilon
Fedhas
Gozag
Hepliaklqana
Kikubaaqudgha
Makhleb
Nemelex Xobeh
Okawaru
Qazlal
Ru
Sif Muna
Trog
Uskayaw
Vehumet
Wu Jian
Xom
Yredelemnul
Zin
The Shining One

Shops:
D:2 =   D:3 *   D:7 !   D:8 (   D:11 [   D:14 ((

Annotations:
D:12 3 runed translucent doors, Azoth's ghost, journeyman DrCj


Message History

Casting: Mephitic Cloud (safe; 1% risk of failure)
Confirm with . or Enter, or press ? or * to list all spells.
Aiming: Mephitic Cloud (safe; 1% risk of failure)
Press: ? - help, Shift-Dir - straight line, f - meliai
Aim: a meliai, wielding a +0 war axe and wearing a +0 robe (almost dead, chance to affect: 67%)
The ball explodes into a vile cloud!
The stinking cloud engulfs the meliai.
The meliai is almost dead.
The stinking cloud engulfs you.
The stinking cloud engulfs the meliai.
The meliai is severely wounded.
The centaur warrior is engulfed in freezing vapours.
The meliai is engulfed in noxious fumes.
The meliai barely misses you. The meliai closely misses you.
The meliai is engulfed in freezing vapours.
You kill the meliai!
Vehumet accepts your kill.
You feel your power returning.
The centaur warrior is engulfed in freezing vapours.
The centaur warrior shoots an arrow.
The arrow hits you!
* * * LOW HITPOINT WARNING * * *
The meliai is engulfed in noxious fumes.
The meliai closely misses you. The meliai misses you.
Your Fire Magic skill increases to level 7!
Unknown command.
Unknown command.
Unknown command.
The meliai is engulfed in noxious fumes.
The meliai invokes the aid of its god against you.
Something smites you!
* * * LOW HITPOINT WARNING * * *
The meliai is engulfed in noxious fumes.
The meliai misses you. The meliai closely misses you.
Unknown command.
Unknown command.
You puncture the meliai!
You kill the meliai!
Vehumet accepts your kill.
You feel your power returning.
The centaur warrior is engulfed in freezing vapours.
The centaur warrior shoots an arrow.
The arrow hits you!
You die...

.^.......#
....§§☼..#
....§○○..#
.....☼§§..#
......§§.. .... .c§.
....###§###
.....§§§§.#
......§@§.#
.....§§...#
..........#
.######'###
.....#........#
.....#........#
∩...#........#
...#........#
#########.####.....#


You could see a centaur warrior.

Vanquished Creatures
  A hydra (D:12)
  A centaur warrior (D:13)
  4 two-headed ogres
  A tengu warrior (D:12)
  An arcanist (D:13)
  6 ugly things
  A manticore (D:12)
  2 orc sorcerers (D:11)
  3 cyclopes
  3 meliai (D:14)
  4 gargoyles (D:10)
  2 kobold demonologists (D:10)
  A tengu conjurer (D:12)
  2 trolls
  A culicivora (shapeshifter) (D:13)
  2 shadows
  6 slime creatures (D:13)
  14 yaks
  Eustachio (D:4)
  A wraith (D:13)
  2 basilisks
  2 wyverns
  A steam dragon (D:8)
  4 vampire mosquitoes (D:12)
  2 acid dragons
  6 water moccasins
  3 orc warriors
  3 ice beasts
  3 black bears
  A sky beast (D:7)
  2 ogres
  A phantom (D:6)
  11 centaurs
  3 kobold brigands
  2 bullfrogs
  2 gnoll sergeants
  A scorpion (D:5)
  28 killer bees
  4 howler monkeys
  4 hounds
  3 bombardier beetles
  4 orc priests
  2 sleepcaps
  Natasha (twice) (D:2)
  3 iguanas
  11 orc wizards
  17 gnolls
  10 adders
  A white imp (D:3)
  An ufetubus (D:6)
  2 dart slugs
  A ribbon worm (D:2)
  37 orcs
  11 bats
  8 endoplasms
  5 giant cockroaches
  4 goblins
  6 hobgoblins
  28 kobolds
  5 quokkas
  6 ball pythons
  6 frilled lizards
  6 rats
321 creatures vanquished.

Vanquished Creatures (collateral kills)
  An ice beast (D:6)
  An orc (D:7)
2 creatures vanquished.

Vanquished Creatures (others)
  An orc priest (D:2)
1 creature vanquished.

Grand Total: 324 creatures vanquished

Notes
Turn   | Place    | Note
-------+----------+-------------------------------------------
     0 | D:1      | pokeman the Deep Elf Hedge Wizard began the quest for the
                  | Orb.
     0 | D:1      | Reached XP level 1. HP: 10/10 MP: 7/7
   274 | D:1      | Reached XP level 2. HP: 16/16 MP: 4/9
  1045 | D:1      | Reached skill level 5 in Spellcasting
  1532 | D:2      | Reached XP level 3. HP: 20/20 MP: 9/11
  1536 | D:2      | Learned a level 3 spell: Mephitic Cloud
  1539 | D:2      | Learned a level 2 spell: Call Imp
  1547 | D:2      | Learned a level 2 spell: Blink
  1832 | D:2      | Reached skill level 1 in Fighting
  1832 | D:2      | Reached skill level 1 in Armour
  2012 | D:2      | Noticed Natasha
  2017 | D:2      | Reached XP level 4. HP: 23/25 MP: 8/13
  2024 | D:2      | Killed Natasha
  2025 | D:2      | Reached skill level 6 in Spellcasting
  2025 | D:2      | Reached XP level 5. HP: 15/29 MP: 9/15
  2306 | D:2      | Noticed Natasha
  2314 | D:2      | Killed Natasha
  2399 | D:2      | Found Sacawuch's Jewellery Shoppe.
  3068 | D:3      | Identified the +1 pair of gloves of the Armoured One {rC+
                  | Dex+4}
  3076 | D:3      | Found Seynguopp's Assorted Antiques.
  3183 | D:3      | Reached skill level 1 in Alchemy
  3577 | D:4      | Reached skill level 1 in Air Magic
  3578 | D:4      | Found a blossoming altar of Fedhas.
  3601 | D:4      | Reached XP level 6. HP: 28/34 MP: 14/17
  4209 | D:4      | Reached skill level 1 in Evocations
  4350 | D:4      | Noticed Eustachio
  4370 | D:4      | Killed Eustachio
  4371 | D:4      | Reached skill level 7 in Spellcasting
  4414 | D:4      | Reached XP level 7. HP: 33/40 MP: 15/20
  4524 | D:5      | Entered Level 5 of the Dungeon
  4538 | D:5      | HP: 2/40 [poisoned by a water moccasin]
  4540 | D:5      | Reached skill level 8 in Spellcasting
  4706 | D:5      | Found a staircase to the Ecumenical Temple.
  4717 | Temple   | Entered the Ecumenical Temple
  4736 | Temple   | Became a worshipper of Vehumet
  5229 | D:5      | Reached skill level 9 in Spellcasting
  5347 | D:5      | Found a glowing golden altar of the Shining One.
  5797 | D:5      | Reached * piety under Vehumet
  5797 | D:5      | Offered knowledge of Shock by Vehumet.
  5798 | D:5      | Reached XP level 8. HP: 44/44 MP: 20/23
  6358 | D:5      | Learned a level 4 spell: Iskenderun's Mystic Blast
  6457 | D:6      | Reached skill level 5 in Conjurations
  6841 | D:6      | Reached skill level 10 in Spellcasting
  7434 | D:6      | Reached skill level 11 in Spellcasting
  7810 | D:6      | Identified the +11 dagger of Accidental Termination {spect,
                  | rElec Str+4 Int-5 Stlth+}
  7925 | D:7      | Reached XP level 9. HP: 49/49 MP: 17/26
  8050 | D:7      | Reached ** piety under Vehumet
  8055 | D:7      | Reached skill level 12 in Spellcasting
  8055 | D:7      | Offered knowledge of Sandblast by Vehumet.
  8220 | D:7      | Found a snail-covered altar of Cheibriados.
  8221 | D:7      | Found a hide-covered altar of Uskayaw.
  8443 | D:7      | Found Xaomatah's Distillery.
  8451 | D:7      | Bought a potion of heal wounds for 50 gold pieces
  8451 | D:7      | Bought a potion of curing for 30 gold pieces
  8451 | D:7      | Bought a potion of magic for 80 gold pieces
  8451 | D:7      | Bought a potion of degeneration for 10 gold pieces
  8451 | D:7      | Bought a potion of curing for 30 gold pieces
  8781 | D:8      | Reached skill level 1 in Necromancy
  8934 | D:8      | Reached skill level 13 in Spellcasting
  9100 | D:8      | Reached XP level 10. HP: 56/56 MP: 29/29
  9155 | D:8      | Found Duluoli's Antique Weapon Emporium.
  9289 | D:8      | Noticed a two-headed ogre
  9303 | D:8      | Killed a two-headed ogre
  9304 | D:8      | Reached skill level 14 in Spellcasting
  9725 | D:9      | Offered knowledge of Volatile Blastmotes by Vehumet.
 10100 | D:9      | Found a basalt altar of Yredelemnul.
 10120 | D:9      | Reached *** piety under Vehumet
 10220 | D:9      | Learned a level 4 spell: Ignite Poison
 10226 | D:9      | Learned a level 5 spell: Freezing Cloud
 10411 | D:9      | Identified the +2 leather armour of Bakhan {Regen+ Str+3
                  | Int+3 Slay-5}
 10680 | D:10     | Entered Level 10 of the Dungeon
 10740 | D:10     | Noticed a two-headed ogre
 10809 | D:9      | Offered knowledge of Brom's Barrelling Boulder by Vehumet.
 10810 | D:9      | Reached skill level 1 in Fire Magic
 10810 | D:9      | Reached skill level 1 in Ice Magic
 10894 | D:10     | Reached skill level 15 in Spellcasting
 10931 | D:10     | Found an ancient bone altar of Kikubaaqudgha.
 11075 | D:10     | Killed a two-headed ogre
 11076 | D:10     | Reached skill level 5 in Armour
 11297 | D:10     | Reached XP level 11. HP: 61/61 MP: 27/32
 11789 | D:10     | Reached skill level 16 in Spellcasting
 11926 | D:11     | Reached **** piety under Vehumet
 11930 | D:11     | Found a staircase to the Orcish Mines.
 11931 | D:11     | Found Ytsof's Armour Emporium.
 11965 | D:11     | Noticed a green ugly thing
 11970 | D:11     | Noticed a two-headed ogre
 11976 | D:11     | Killed a two-headed ogre
 11976 | D:11     | Offered knowledge of Flame Wave by Vehumet.
 11981 | D:11     | Killed a green ugly thing
 12042 | D:11     | Reached skill level 5 in Fighting
 12197 | D:11     | Noticed an orc sorcerer
 12207 | D:11     | Killed an orc sorcerer
 12208 | D:11     | Reached skill level 10 in Conjurations
 12215 | D:11     | Noticed an orc sorcerer
 12232 | D:11     | Killed an orc sorcerer
 12346 | D:11     | Found a staircase to the Lair.
 12363 | D:11     | Reached skill level 5 in Fire Magic
 12497 | D:11     | Identified the +0 pair of boots "Witorez" {*Corrode rElec
                  | MP+9 Str-3 Dex+9}
 12777 | D:12     | Noticed a four-headed hydra
 12783 | D:12     | Killed a four-headed hydra
 12784 | D:12     | Reached skill level 17 in Spellcasting
 12831 | D:12     | Reached skill level 1 in Earth Magic
 12852 | D:12     | Noticed a tengu warrior
 12955 | D:12     | Killed a tengu warrior
 12956 | D:12     | Reached XP level 12. HP: 68/68 MP: 28/35
 13117 | D:12     | Noticed a two-headed ogre
 13123 | D:12     | Killed a two-headed ogre
 13492 | D:12     | Found a runed translucent gate.
 13492 | D:12     | Found a runed translucent gate.
 13493 | D:12     | Found a runed translucent gate.
 13526 | D:12     | Noticed Azoth's ghost (journeyman DrCj)
 14183 | D:13     | Noticed a centaur warrior
 14192 | D:13     | Killed a centaur warrior
 14195 | D:13     | Reached skill level 18 in Spellcasting
 15049 | D:14     | Found a gate to the Vaults.
 15049 | D:14     | Noticed a boulder beetle
 15049 | D:14     | Noticed an ironbound preserver
 15110 | D:14     | Found Gary's Weapon Emporium.
 15123 | D:14     | Found Obunoisa's Weapon Shop.
 15127 | D:14     | Noticed a centaur warrior
 15132 | D:14     | Shot with an arrow by a centaur warrior

Illustrated notes

Levels and vault maps discovered:
D:1:      roadster_arrival_rocket_small, layout_basic
D:2:      layout_basic, serial_shops, nicolae_shop_back_alley_shop, uniq_natasha
D:3:      minmay_general_purpose_star, layout_loops_cross, serial_shops, shop
D:4:      black_bear_nest_1, layout_rooms, fedhas_altar_1,
          hangedman_decor_clover_reticule, uniq_eustachio
D:5:      layout_layer_cave, tso_altar, minmay_temple_entry_trees
D:6:      minmay_spotlight, layout_loops_corners,
          serial_library_hellmonk_big_corner, grunt_ministairs_5
D:7:      layout_loops_ring, mainiacjoe_overflow_divided_tiny, serial_shops,
          nicolae_shop_industrial_runoff
D:8:      layout_loops_ring, nicolae_stop_n_shop_1
D:9:      layout_basic, lemuel_tele_altar
D:10:     cheibrodos_statue_roulette, layout_cave_pods,
          nicolae_overflow_crystal_walls
D:11:     cheibrodos_wizards_tower, layout_cave_pools,
          due_lair_maze_entry_diamond, orc_david_3
D:12:     layout_big_octagon, gammafunk_ghost_necromancy
D:13:     layout_cave_pools
D:14:     layout_grid_maze, skrybe_vaults_entry_preservation, chequers_garden,
          serial_shops, shop, shop, shop
Temple:   nicolae_temple_bog_church

Skill      XL: |  1  2  3  4  5  6  7  8  9 10 11 12 |
---------------+-------------------------------------+-----
Spellcasting   | 5 6 7 9 11 13 15 17 18 | 18.5
Fighting       | 1 2 4 5 6 |  6.0
Armour         | 1 2 3 5 |  5.7
Conjurations   | 2 3 4 6 7 9 10 11 | 11.2
Dodging        | 3 |  3.0
Stealth        | 3 |  3.1
Alchemy        | 1 |  1.0
Air Magic      | 1 |  1.0
Evocations     | 1 |  1.0
Necromancy     | 1 |  1.0
Fire Magic     | 2 5 7 |  7.0
Ice Magic      | 1 |  1.0
Earth Magic    | 1 2 |  2.0
Summonings     | |  1.1
Translocations | |  1.1

Action                     |  1- 3 |  4- 6 |  7- 9 | 10-12 || total
---------------------------+-------+-------+-------+-------++-------
  Melee: Dagger            |     5 |    44 |    83 |   113 ||   245
         Trident           |       |       |    61 |       ||    61
         Punch             |       |       |     1 |     1 ||     2
   Cast: Magic Dart        |    89 |   103 |   140 |    45 ||   377
         Mephitic Cloud    |     1 |     6 |    29 |    34 ||    70
         Blink             |       |       |     1 |     1 ||     2
         Iskenderun's Myst |       |       |    12 |     2 ||    14
         Call Imp          |       |       |     1 |       ||     1
         Freezing Cloud    |       |       |       |    61 ||    61
         Ignite Poison     |       |       |       |    14 ||    14
    Use: Scroll            |       |       |       |    13 ||    13
   Stab: Sleeping          |     1 |     1 |       |     1 ||     3
         Confused          |     1 |     6 |    26 |    11 ||    44
         Distracted        |       |       |     1 |       ||     1
 Armour: Robe              |    10 |    18 |    69 |       ||    97
         Leather armour    |       |       |    12 |    66 ||    78
  Dodge: Dodged            |     8 |    26 |    87 |    69 ||   190

Table legend: (Time is in decaauts)
 A = Elapsed time spent in this place.
 B = Non-inter-level travel time spent in this place.
 C = Inter-level travel time spent in this place.
 D = Time resting spent in this place.
 E = Time spent auto-exploring this place.
 F = Levels seen in this place.
 G = Mean time per level.
                   A        B        C        D        E       F      G
               +--------+--------+--------+--------+--------+-----+--------+
         Total |  15158 |  14017 |   1141 |    123 |  11842 |  15 | 1010.5 |
       Dungeon |  15074 |  13973 |   1101 |    123 |  11842 |  14 | 1076.7 |
        Temple |     83 |     44 |     39 |      0 |      0 |   1 |   83.0 |
               +--------+--------+--------+--------+--------+-----+--------+

Top non-repeatable levels by time:
     D:5: 1854 daAuts
     D:6: 1662 daAuts
     D:1: 1530 daAuts
    D:12: 1353 daAuts
     D:3: 1212 daAuts
     D:2: 1195 daAuts
    D:10: 1174 daAuts
     D:9: 1118 daAuts
     D:8: 932 daAuts
     D:7: 858 daAuts
    D:11: 852 daAuts
    D:13: 624 daAuts
     D:4: 587 daAuts
    D:14: 118 daAuts
  Temple: 83 daAuts
